 Dungeon Crawl Stone Soup version 0.28-a0-1624-g820543e53a (webtiles) character file.

Game seed: 5571277127359785554

73 HallandMoats the Skirmisher (level 4, -1/40 HPs)
             Began as a Ghoul Fighter on Jan 23, 2022.
             Frozen to death by an endoplasm (2 damage)
             ... on level 2 of the Dungeon.
             The game lasted 00:01:49 (1295 turns).

HallandMoats the Skirmisher (Ghoul Fighter)         Turns: 1295, Time: 00:01:50

Health: -1/40      AC:  6    Str: 25    XL:     4   Next: 27%
Magic:  3/3        EV: 10    Int:  5    God:
Gold:   79         SH:  4    Dex:  8    Spells: 3/3 levels left

rFire   . . .      SeeInvis .     - Unarmed
rCold   + . .      Faith    .   b - +0 buckler
rNeg    + + +      Spirit   .   h - +1 ring mail {Will+}
rPois   ∞          Reflect  .   (no helmet)
rElec   .          Harm     .   (no cloak)
rCorr   .          Rampage  .   (no gloves)
Will    +....                   (no boots)
Stlth   ..........              (no amulet)
HPRegen 0.00/turn               d - +6 ring of strength
MPRegen 0.08/turn               (no ring)

@: flying, inhibited regen, slowed, very slow
A: claws 1, cold resistance 1, negative energy resistance 3, inhibited
regeneration, torment resistance 2
a: no special abilities


You were on level 2 of the Dungeon.
You visited 1 branch of the dungeon, and saw 2 of its levels.

You collected 79 gold pieces.

Inventory:

Armour
 b - a +0 buckler (worn)
 h - a +1 ring mail of willpower (worn)
Jewellery
 d - a +6 ring of strength (left claw)
Scrolls
 e - a scroll of enchant weapon {unknown}
 f - 3 scrolls of identify {unknown}
 g - a scroll of vulnerability {unknown}
Potions
 c - a potion of might


   Skills:
 * Level 4.0 Fighting
 * Level 1.4 Long Blades
 + Level 3.0 Armour
 + Level 0.8 Dodging
 + Level 2.9 Shields
 - Level 2.1 Unarmed Combat
 + Level 1.0 Invocations


You had 3 spell levels left.
You didn't know any spells.
Your spell library contained the following spells:

 Spells                   Type           Power      Damage    Failure   Level
 Freeze                   Ice            0%         1d3       71%         1
 Frozen Ramparts          Ice            0%         1d2       97%         3
 Hailstorm                Conj/Ice       0%         3d3       100%        4


Dungeon Overview and Level Annotations

Branches:
Dungeon (2/15)

Altars:
Cheibriados


Innate Abilities, Weirdness & Mutations

You thrive by killing the living.
You are immune to poison.
You have sharp fingernails.
Your flesh is cold resistant. (rC+)
You are immune to negative energy. (rN+++)
You do not regenerate when monsters are visible.
You are immune to unholy pain and torment.


Message History

You scratch Natasha.
Natasha is severely wounded.
You block Natasha's attack.
You completely miss Natasha.
Natasha is severely wounded.
Natasha casts a spell at you.
You feel yourself slow down.
You closely miss Natasha.
Natasha is severely wounded.
Natasha claws you!
* * * LOW HITPOINT WARNING * * *
The endoplasm jiggles.
You closely miss Natasha.
Natasha is severely wounded.
Natasha extends her claws.
Natasha barely misses you. Natasha misses you.
You barely miss Natasha.
Natasha is severely wounded.
Natasha claws you.
* * * LOW HITPOINT WARNING * * *
You claw Natasha!
You kill Natasha!
Natasha growls in agony!
The endoplasm freezes you.
You are frozen.
You resist.
* * * LOW HITPOINT WARNING * * *
Your Fighting skill increases to level 4!
Your Armour skill increases to level 3!
Your Invocations skill increases to level 1!
You have reached level 4!
It was a potion of lignification.
You feel woody for a moment. The endoplasm barely misses you.
It was a potion of flight.
You feel very buoyant.
You fly up into the air.
The endoplasm hits you but does no damage. x2
You barely miss the endoplasm. The endoplasm freezes you.
You are frozen.
You resist.
You die...

#.# #. #.# #.###.#
# #.#.).# ##.#
#.#.#######..#.#
#.#.#.......... #
#.#..†######.#..###
#.#†......J<.......
#......#.@#........
#..##..#..#.#..##..
#.........#.#.>...
##.#...#.##.# .....
#.#...#.##.# #####
#.#.#.#.##.#
#.#...#....#
#.#####.. +...


You could see an endoplasm.

Vanquished Creatures
  Natasha (D:2)
  2 dart slugs (D:1)
  3 bats (D:1)
  3 giant cockroaches
  7 goblins
  4 hobgoblins (D:1)
  3 jackals (D:1)
  5 kobolds
  A quokka (D:1)
  3 ball pythons
  2 frilled lizards
  8 rats
42 creatures vanquished.

Notes
Turn   | Place    | Note
-------+----------+-------------------------------------------
     0 | D:1      | HallandMoats the Ghoul Fighter began the quest for the Orb.
     0 | D:1      | Reached XP level 1. HP: 19/19 MP: 0/0
    75 | D:1      | Reached XP level 2. HP: 26/26 MP: 1/1
   130 | D:1      | Found a faded altar of an unknown god.
   582 | D:1      | Reached XP level 3. HP: 32/33 MP: 2/2
   591 | D:1      | Reached skill level 1 in Long Blades
  1228 | D:2      | Found a snail-covered altar of Cheibriados.
  1276 | D:2      | Noticed Natasha
  1292 | D:2      | Killed Natasha
  1292 | D:2      | HP: 1/33 [frozen (1)]
  1293 | D:2      | Reached skill level 4 in Fighting
  1293 | D:2      | Reached skill level 1 in Invocations
  1293 | D:2      | Reached XP level 4. HP: 1/40 MP: 3/3
  1295 | D:2      | Frozen to death by an endoplasm

Illustrated notes

Levels and vault maps discovered:
D:1:      roderic_dead_forest, layout_loops_corners,
          ebering_ecumenical_altar_box, minmay_pentomino_x4
D:2:      layout_basic, basic_altar, uniq_natasha, uniq_robin

Skill      XL: |  1  2  3 |
---------------+----------+-----
Long Blades    | 1 |  1.4
Fighting       | 4 |  4.0
Armour         | 3 |  3.0
Invocations    | 1 |  1.0
Dodging        | |  0.8
Shields        | |  2.9
Unarmed Combat | |  2.1

Action                   |  1- 3 |  4- 6 || total
-------------------------+-------+-------++-------
Melee: Unarmed           |   128 |     1 ||   129
  Use: Potion            |       |     2 ||     2
Armor: Scale mail        |    34 |       ||    34
       Ring mail         |     7 |     2 ||     9
Dodge: Dodged            |    41 |     1 ||    42
Block: Buckler           |    29 |       ||    29

Table legend: (Time is in decaauts)
 A = Elapsed time spent in this place.
 B = Non-inter-level travel time spent in this place.
 C = Inter-level travel time spent in this place.
 D = Time resting spent in this place.
 E = Time spent auto-exploring this place.
 F = Levels seen in this place.
 G = Mean time per level.
                   A        B        C        D        E       F      G
               +--------+--------+--------+--------+--------+-----+--------+
         Total |   1297 |   1262 |     35 |      0 |    990 |   2 |  648.5 |
       Dungeon |   1297 |   1262 |     35 |      0 |    990 |   2 |  648.5 |
               +--------+--------+--------+--------+--------+-----+--------+

Top non-repeatable levels by time:
     D:1: 1097 daAuts
     D:2: 200 daAuts
